 Dungeon Crawl Stone Soup version 0.23-a0-494-g91793a9 (webtiles) character file.

221 MalarOregon the Ducker (level 5, -14/39 HPs)
             Began as a Merfolk Ice Elementalist on Dec 3, 2018.
             Demolished by an orc wizard
             ... wielding a +1 dagger of electrocution
              (20 damage)
             ... on level 3 of the Dungeon.
             The game lasted 00:13:58 (5039 turns).

MalarOregon the Ducker (Merfolk Ice Elementalist)   Turns: 5039, Time: 00:13:59

Health: -14/39     AC:  3    Str:  8    XL:     5   Next: 98%
Magic:  8/9        EV: 14    Int: 16    God:
Gold:   182        SH:  0    Dex: 14    Spells: 2/9 levels left

rFire    . . .     SeeInvis .   c - +1 dagger
rCold    . . .     Gourm    .   (no shield)
rNeg     . . .     Faith    .   a - +0 robe
rPois    .         Spirit   .   (no helmet)
rElec    .         Reflect  .   (no cloak)
rCorr    .         Harm     .   (no gloves)
MR       .....                  k - +0 pair of boots
Stlth    ++........             d - amulet of rage
HPRegen  0.13/turn              (no ring)
MPRegen  0.11/turn              (no ring)

@: no status effects
A: change form in water, swift swim, stealthy swim
a: Evoke Berserk Rage


You were on level 3 of the Dungeon.
You were not hungry.

You visited 1 branch of the dungeon, and saw 5 of its levels.

You collected 182 gold pieces.

Inventory:

Hand Weapons
 c - a +1 dagger (weapon)
   (You found it on level 1 of the Dungeon)
Armour
 a - a +0 robe (worn)
 k - a +0 pair of boots (worn)
   (You found it on level 1 of the Dungeon)
Jewellery
 d - an amulet of rage (around neck)
   (You found it on level 2 of the Dungeon)
Scrolls
 b - a scroll of remove curse {@r2}
 f - 2 scrolls of enchant weapon
 h - a scroll of blinking {unknown}
Potions
 o - a potion of might
 p - a potion of magic {unknown}
 q - 3 potions of curing {@q1}
Comestibles
 e - 6 rations {!d}


   Skills:
 + Level 2.4 Fighting
 + Level 4.3 Dodging
 - Level 2.1 Stealth
 + Level 2.9 Spellcasting
 + Level 1.7 Conjurations
 + Level 1.4 Summonings
 + Level 4.2 Ice Magic


You had 2 spell levels left.
You knew the following spells:

 Your Spells              Type           Power        Failure   Level  Hunger
a - Freeze                Ice            ###.         3%          1    #......
d - Summon Ice Beast      Ice/Summ       ##......     52%         4    #####..
x - Throw Frost           Conj/Ice       ##....       9%          2    ##.....

Your spell library contained the following spells:

 Spells                   Type           Power        Failure   Level  Hunger
 Animate Skeleton         Necr           N/A          19%         1    #......
 Pain                     Necr           #...         19%         1    #......
 Ozocubu's Armour         Chrm/Ice       #.......     24%         3    ###....
 Regeneration             Chrm/Necr      #.........   50%         3    ###....
 Vampiric Draining        Necr           #.........   50%         3    ###....
 Throw Icicle             Conj/Ice       ##......     50%         4    #####..
 Animate Dead             Necr           N/A          88%         4    #####..


Dungeon Overview and Level Annotations

Branches:
Dungeon (5/15)             Temple (0/1) D:5

Altars:
Elyvilon


Message History

You close the door.
An orc wizard opens the door.
You close the door.
An orc wizard opens the door.
As you close the door, it creaks loudly!
An orc wizard opens the door.
You close the door.
An orc wizard opens the door.
You close the door.
An orc wizard opens the door.
You close the door.
An orc wizard opens the door.
You close the door.
An orc wizard opens the door.
You close the door.
An orc wizard opens the door.
You close the door.
An orc wizard opens the door.
There's a creature in the doorway!
There's a creature in the doorway!
There's a creature in the doorway!
There's a creature in the doorway!
There's a creature in the doorway!
There's a creature in the doorway!
There's a creature in the doorway!
There's a creature in the doorway!
There's a creature in the doorway!
There's a creature in the doorway!
There's a creature in the doorway!
There's a creature in the doorway!
There's a creature in the doorway!
There's a creature in the doorway!
There's a creature in the doorway!
There's a creature in the doorway!
There's a creature in the doorway!
There's a creature in the doorway!
There's a creature in the doorway!
There's a creature in the doorway!
There's a creature in the doorway!
There's a creature in the doorway!
There's a creature in the doorway!
There's a creature in the doorway!
There's a creature in the doorway!
There's a creature in the doorway!
There's a creature in the doorway!
There's a creature in the doorway!
There's a creature in the doorway!
There's a creature in the doorway!
There's a creature in the doorway!
There's a creature in the doorway!
There's a creature in the doorway!
Aim: an orc wizard, wielding a +1 dagger of electrocution and wearing a +0 robe You freeze the orc wizard.
The orc wizard hits you with a +1 dagger of electrocution.
* * * LOW HITPOINT WARNING * * *
You are electrocuted!
Ouch! That really hurt!
You die...

#..##.#######.###.......##
#..##.# #.# #####.....
######..##.# #.# #.....
#..........# ##+## #.....
#.#####..### ##..(## #..... #.#
###..# ##.....## #..... #.#
#....## ##.......## ###.## #.#
#.#...####.........####...# #.#
#.....S.oo@........+.......
#.###.#...####.........####..##
#........## ##.......## ##.#
#####o#### ##.>...## #.## #..#
##...## #... ##.# ##'## ###.
#.# ####.#### #. #.# #.......##
#. #o# #........# #.


You could see an orc wizard, an adder and an orc.

Vanquished Creatures
  A crimson imp (D:5)
  An orc wizard (D:3)
  A hound skeleton (D:5)
  4 adders
  2 oozes
  2 worms (D:2)
  2 dart slugs
  5 leopard geckos
  8 orcs
  A giant cockroach (D:3)
  10 goblins
  6 hobgoblins
  10 jackals
  2 quokkas (D:5)
  4 bats
  3 frilled lizards
  3 kobolds
  A leopard gecko skeleton (D:5)
  16 rats
82 creatures vanquished.

Notes
Turn   | Place    | Note
-------+----------+-------------------------------------------
     0 | D:1      | MalarOregon the Merfolk Ice Elementalist began the quest
                  | for the Orb.
     0 | D:1      | Reached XP level 1. HP: 13/13 MP: 3/3
   394 | D:1      | Reached XP level 2. HP: 20/20 MP: 0/5
   597 | D:1      | Reached skill level 1 in Fighting
   783 | D:1      | Learned a level 2 spell: Throw Frost
   862 | D:1      | Reached XP level 3. HP: 26/26 MP: 3/6
  1097 | D:2      | Found a white marble altar of Elyvilon.
  1328 | D:2      | Reached skill level 1 in Conjurations
  2103 | D:2      | Reached XP level 4. HP: 32/33 MP: 1/7
  2240 | D:2      | Learned a level 4 spell: Summon Ice Beast
  3255 | D:3      | You fall through a shaft for 2 floors!
  3255 | D:5      | Entered Level 5 of the Dungeon
  3287 | D:5      | Noticed a phantom
  3625 | D:5      | Reached XP level 5. HP: 38/38 MP: 6/9
  3878 | D:5      | Noticed a centaur
  3893 | D:5      | Found a staircase to the Ecumenical Temple.
  4054 | D:5      | Reached skill level 1 in Summonings
  4125 | D:4      | Noticed a phantom
  5039 | D:3      | Demolished by an orc wizard

Vault maps used:
D:1:      scummos_arrival_hexagon, minmay_rat_gold_closets
D:2:      elyvilon_altar_4
D:3:      lemuel_round_altar, first_ration
D:4:      gammafunk_temple_overflow_arena, minmay_misc_feat_chi
D:5:      temple_doors_e

Skill      XL: |  1  2  3  4  5 |
---------------+----------------+-----
Dodging        | 3 4 |  4.3
Fighting       | 1 2 |  2.4
Conjurations   | 1 |  1.7
Ice Magic      | 4 |  4.2
Summonings     | 1 |  1.4
Stealth        | |  2.1
Spellcasting   | |  2.9

Action                   |  1- 3 |  4- 6 || total
-------------------------+-------+-------++-------
Melee: Dagger            |    30 |    78 ||   108
 Cast: Freeze            |    48 |    55 ||   103
       Throw Frost       |     5 |    27 ||    32
  Use: Scroll            |     8 |     4 ||    12
       Potion            |       |     1 ||     1
 Stab: Sleeping          |     9 |     3 ||    12
  Eat: Chunk             |     5 |    11 ||    16
Armor: Robe              |     9 |    12 ||    21
Dodge: Dodged            |    30 |    91 ||   121

Table legend:
 A = Non-vault XP
 B = Vault XP
 C = Vault XP percentage of total XP
 D = Non-vault monster count
 E = Vault monster count
 F = Vault count percentage of total count
                 A         B        C        D         E       F
            +---------+---------+-------+---------+---------+-------
      Total |     308 |       9 |   2.8 |      73 |       9 |  11.0
            +---------+---------+-------+---------+---------+-------
        D:1 |      31 |       9 |  22.5 |      16 |       9 |  36.0
        D:2 |     101 |       0 |   0.0 |      28 |       0 |   0.0
        D:3 |      78 |       0 |   0.0 |      15 |       0 |   0.0
        D:4 |       7 |       0 |   0.0 |       3 |       0 |   0.0
        D:5 |      91 |       0 |   0.0 |      11 |       0 |   0.0
            +---------+---------+-------+---------+---------+-------
